 Dungeon Crawl Stone Soup version 0.28-a0-401-ge240ad9e29 (webtiles) character file.

Game seed: 11172924428178157079

5058 Sabo the Basher (level 10, -5/83 HPs)
             Began as a Minotaur Gladiator on Sept 4, 2021.
             Was an Elder of Fedhas.
             Slain by a troll (10 damage)
             ... on level 9 of the Dungeon.
             The game lasted 00:54:10 (10339 turns).

Sabo the Basher (Minotaur Gladiator)               Turns: 10339, Time: 00:54:12

Health: -5/83      AC: 15    Str: 27    XL:     10   Next: 31%
Magic:  9/9        EV: 16    Int:  5    God:    Fedhas [****..]
Gold:   348        SH: 15    Dex: 13    Spells: 9/9 levels left

rFire   . . .      SeeInvis .   i - +7 mace of Efie {vorpal, rPois rCorr}
rCold   . . .      Faith    .   j - +0 kite shield
rNeg    . . .      Spirit   .   K - +2 ring mail {Will+}
rPois   +          Reflect  +   c - +2 hat
rElec   .          Harm     .   p - +0 cloak
rCorr   +          Rampage  .   v - +0 pair of gloves
Will    +....                   s - +1 pair of boots
Stlth   +.........              N - amulet of reflection
HPRegen 0.23/turn               l - +6 ring of strength
MPRegen 0.11/turn               r - +4 ring of evasion

@: about to teleport
A: horns 2, retaliatory headbutt
a: Renounce Religion, Wall of Briars, Grow Ballistomycete, Overgrow


You were on level 9 of the Dungeon.
You worshipped Fedhas.
Fedhas was greatly pleased with you.
You visited 1 branch of the dungeon, and saw 9 of its levels.
You also visited: Sewer.

You collected 348 gold pieces.

Inventory:

Hand Weapons
 a - a +0 war axe
 i - the +7 mace of Efie (weapon) {vorpal, rPois rCorr}
   (You found it on level 5 of the Dungeon)

   It inflicts extra damage upon your enemies.
   rPois:     It protects you from poison.
   rCorr:     It protects you from acid and corrosion.
 o - a +0 shortbow
 y - a +1 falchion of electrocution
 L - a +0 shortbow
Missiles
 d - 7 throwing nets (quivered)
 e - 40 poisoned darts
 g - 92 arrows
 h - 39 sling bullets
 q - 3 silver boomerangs
 t - 34 bolts
 B - 7 atropa-tipped darts
Armour
 c - a +2 hat (worn)
 j - a +0 kite shield (worn)
 p - a +0 cloak (worn)
 s - a +1 pair of boots (worn)
 v - a +0 pair of gloves (worn)
 K - a +2 ring mail of willpower (worn)
Jewellery
 l - a +6 ring of strength (left hand)
 n - an amulet of guardian spirit
 r - a +4 ring of evasion (right hand)
 z - a ring of protection from fire
 A - a ring of resist corrosion
 G - a ring of willpower
 H - a ring of see invisible
 N - an amulet of reflection (around neck)
Wands
 k - a wand of charming (11)
 w - a wand of paralysis (6)
 D - a wand of mindburst (10)
Scrolls
 b - 6 scrolls of teleportation
 M - a scroll of identify
Potions
 f - 3 potions of magic
 m - 2 potions of curing {unknown}
 u - a potion of resistance {unknown}
 x - a potion of might {unknown}
 C - 3 potions of heal wounds {unknown}
 E - 3 potions of lignification {unknown}
 F - a potion of degeneration {unknown}
 J - a potion of cancellation {unknown}


   Skills:
 + Level 6.3 Fighting
 + Level 5.2(8.7) Axes
 + Level 10.7(11.2) Maces & Flails
 + Level 2.1 Throwing
 + Level 8.1 Armour
 + Level 5.6 Dodging
 + Level 1.3 Stealth
 + Level 8.1 Shields


You had 9 spell levels left.
You didn't know any spells.
Your spell library contained the following spells:

 Spells                   Type           Power      Damage    Failure   Level
 Sting                    Tmut/Pois      0%         1d3       88%         1
 Summon Small Mammal      Summ           0%         N/A       88%         1
 Poisonous Vapours        Pois/Air       0%         N/A       95%         2
 Call Canine Familiar     Summ           0%         N/A       99%         3
 Dazzling Flash           Conj/Hex       0%         N/A       99%         3
 Summon Guardian Golem    Hex/Summ       0%         N/A       99%         3
 Iskenderun's Mystic Bla  Conj/Tloc      0%         2d3       100%        4
 Olgreb's Toxic Radiance  Pois           0%         N/A       100%        4
 Summon Ice Beast         Ice/Summ       0%         N/A       100%        4
 Summon Mana Viper        Hex/Summ       0%         N/A       100%        5
 Starburst                Conj/Fire      0%         6d3       100%        6
 Monstrous Menagerie      Summ           0%         N/A       100%        7


Dungeon Overview and Level Annotations

Branches:
Dungeon (9/15)             Temple (0/1) D:4           Sewer (visited)
   Lair: D:8-11         Orc: D:9-12

Altars:
Elyvilon
Fedhas
Gozag
Hepliaklqana
Okawaru
Ru
Beogh

Shops:
D:5 *?   D:6 (   D:7 :   D:9 :


Innate Abilities, Weirdness & Mutations

You have a pair of horns on your head.
You reflexively headbutt those who attack you in melee.


Message History

The two-headed ogre hits you with a +0 giant spiked club!
The two-headed ogre barely misses you.
You sock the two-headed ogre! You headbutt the two-headed ogre.
The two-headed ogre is almost dead.
The killer bee barely misses you. You furiously retaliate!
You headbutt the killer bee.
The two-headed ogre hits you with a +0 giant spiked club!
The two-headed ogre misses you.
You thump the two-headed ogre!
You kill the two-headed ogre!
Fedhas appreciates your contribution to the ecosystem.
The killer bee closely misses you. You block the killer bee's attack.
You block the two-headed ogre's attack.
The two-headed ogre hits you with a +0 giant club!
You block the killer bee's attack.
Your Armour skill increases to level 8!
Your Shields skill increases to level 8!
You thump the two-headed ogre!
The two-headed ogre is moderately wounded.
The killer bee completely misses you. You furiously retaliate!
You headbutt the killer bee. The two-headed ogre misses you.
You furiously retaliate!
You headbutt the two-headed ogre.
The two-headed ogre hits you but does no damage.
You block the killer bee's attack.
Your ring mail prevents you from hitting the two-headed ogre.
The two-headed ogre is moderately wounded.
The killer bee stings you but does no damage.
You block the troll's attack. The troll barely misses you.
You block the troll's attack. The killer bee closely misses you.
You furiously retaliate!
You headbutt the killer bee.
The two-headed ogre hits you with a +0 giant spiked club!
The two-headed ogre hits you with a +0 giant club!!
* * * LOW HITPOINT WARNING * * *
As you read the scroll of teleportation, it crumbles to dust.
You feel strangely unstable. You block the killer bee's attack.
The troll bites you.
* * * LOW HITPOINT WARNING * * *
You block the troll's attack. The troll claws you!
You die...
Fedhas appreciates your contribution to the ecosystem.

############ #..........#
#..........+ .
#..........#
..#..........########
.........................
..........y..............
..........T@............
..........O............
......#######...###..#
.#.#.. #........# # ##
#.....⌠.⌠# #......∩.+
#.....⌠.⌠# #######^.#####
#....#......#


You could see a two-headed ogre, a troll and a killer bee.

Vanquished Creatures
  A two-headed ogre (D:9)
  Joseph (D:8)
  The ghost of Cancer the Conjurer, an amateur GrCj (D:5)
  6 yaks (D:7)
  Sigmund (D:5)
  A water moccasin (D:8)
  An ice beast (D:6)
  2 hornet zombies
  Purgy (Sewer)
  3 orc warriors
  A sky beast (D:7)
  A necrophage (D:5)
  3 ogres
  2 centaurs
  A kobold brigand (D:7)
  2 bullfrogs
  A wyvern zombie (D:8)
  2 gnoll sergeants
  A water moccasin zombie (D:5)
  A wyvern skeleton (D:5)
  A water moccasin skeleton (D:5)
  3 killer bees (D:9)
  3 howler monkeys (D:8)
  3 centaur zombies
  2 bullfrog skeletons
  6 orc priests
  Crazy Yiuf (D:2)
  5 hounds
  An orc wizard (D:8)
  A hound skeleton (D:5)
  13 gnolls
  A howler monkey skeleton (D:7)
  4 adders
  2 white imps
  An adder zombie (D:5)
  A worm (D:3)
  A dart slug (D:3)
  27 orcs
  7 bats
  9 endoplasms
  A giant cockroach (D:3)
  6 goblins
  5 hobgoblins
  2 jackals (D:2)
  6 kobolds
  A quokka (D:2)
  12 ball pythons
  8 frilled lizards
  4 rats
  A bush (D:1)
171 creatures vanquished.

Vanquished Creatures (others)
  7 plants (D:1)
7 creatures vanquished.

Grand Total: 178 creatures vanquished

Notes
Turn   | Place    | Note
-------+----------+-------------------------------------------
     0 | D:1      | Sabo the Minotaur Gladiator began the quest for the Orb.
     0 | D:1      | Reached XP level 1. HP: 18/18 MP: 0/0
   508 | D:1      | Reached XP level 2. HP: 25/25 MP: 1/1
  1342 | D:2      | Reached XP level 3. HP: 26/30 MP: 2/2
  2218 | D:2      | Found a runed translucent door.
  2219 | D:2      | Noticed Crazy Yiuf
  2225 | D:2      | Killed Crazy Yiuf
  2226 | D:2      | Reached skill level 1 in Armour
  2226 | D:2      | Reached XP level 4. HP: 15/37 MP: 3/3
  3253 | D:3      | Found a faded altar of an unknown god.
  3295 | D:3      | Reached skill level 5 in Axes
  4038 | D:3      | Found an opulent altar of Gozag.
  4119 | D:3      | Became a worshipper of Fedhas Madash
  4119 | D:3      | Reached * piety under Fedhas
  4269 | D:4      | Noticed an ogre
  4275 | D:4      | Killed an ogre
  4276 | D:4      | Reached skill level 1 in Maces & Flails
  4276 | D:4      | Reached skill level 1 in Shields
  4276 | D:4      | Reached XP level 5. HP: 14/45 MP: 4/4
  4588 | D:4      | Reached skill level 2 in Maces & Flails
  4788 | D:4      | Found a staircase to the Ecumenical Temple.
  4880 | D:4      | Found an iron altar of Okawaru.
  4880 | D:4      | Found a hazy altar of Hepliaklqana.
  4987 | D:4      | Found a white marble altar of Elyvilon.
  5670 | D:5      | Entered Level 5 of the Dungeon
  5670 | D:5      | Found Yfaigis's Magic Scroll Emporium.
  5688 | D:5      | Found a transporter.
  5688 | D:5      | Noticed Cancer's ghost (amateur GrCj)
  5700 | D:5      | Identified the +7 mace of Efie {vorpal, rPois rCorr}
  5712 | D:5      | Noticed a necrophage
  5719 | D:5      | Reached XP level 6. HP: 51/51 MP: 5/5
  5722 | D:5      | Reached skill level 3 in Maces & Flails
  5724 | D:5      | Reached skill level 1 in Stealth
  5854 | D:5      | Reached skill level 4 in Maces & Flails
  5878 | D:5      | Reached XP level 7. HP: 57/57 MP: 6/6
  5878 | D:5      | Found a glowing drain.
  5887 | Sewer    | Entered a sewer
  5943 | Sewer    | Noticed Purgy
  5948 | Sewer    | Killed Purgy
  6055 | D:5      | Reached ** piety under Fedhas
  6178 | D:5      | Reached skill level 5 in Maces & Flails
  6340 | D:5      | Found Zohahon's Neck Hole.
  6440 | D:5      | Noticed Sigmund
  6452 | D:5      | Killed Sigmund
  6453 | D:5      | Reached skill level 6 in Maces & Flails
  6453 | D:5      | Reached skill level 5 in Armour
  6595 | D:5      | Found a transporter.
  6861 | D:5      | Killed Cancer's ghost
  6862 | D:5      | Reached XP level 8. HP: 48/66 MP: 7/7
  7132 | D:6      | Reached skill level 7 in Maces & Flails
  7375 | D:6      | Found Ecuthuth's Antique Weapon Shop.
  7642 | D:6      | Found a sacrificial altar of Ru.
  8320 | D:7      | Reached skill level 8 in Maces & Flails
  8320 | D:7      | Reached *** piety under Fedhas
  8342 | D:7      | Reached XP level 9. HP: 73/73 MP: 8/8
  8358 | D:7      | Reached skill level 5 in Shields
  8412 | D:7      | Reached skill level 5 in Dodging
  8417 | D:7      | Reached skill level 5 in Fighting
  8427 | D:7      | Reached skill level 9 in Maces & Flails
  8648 | D:7      | Found Baaclav's Book Shoppe.
  9206 | D:8      | Noticed Joseph
  9219 | D:8      | Killed Joseph
  9220 | D:8      | Reached skill level 10 in Maces & Flails
  9824 | D:8      | Reached XP level 10. HP: 83/83 MP: 9/9
  9983 | D:9      | Reached **** piety under Fedhas
 10294 | D:9      | Found Boysasuc's Book Shop.
 10321 | D:9      | Noticed a two-headed ogre
 10326 | D:9      | Noticed a two-headed ogre
 10336 | D:9      | Killed a two-headed ogre
 10339 | D:9      | Slain by a troll

Illustrated notes

Levels and vault maps discovered:
D:1:      minmay_arrival_four_houses, layout_loops_corners, serial_forest,
          infiniplex_forest_clump_cross, infiniplex_forest_lined_3,
          infiniplex_forest_clump_small, infiniplex_forest_end_double,
          infiniplex_forest_end_double, infiniplex_forest_fountain,
          infiniplex_forest_straight_1
D:2:      minmay_recursive_quarters, layout_basic, uniq_crazy_yiuf_cottage
D:3:      wander_river, layout_basic, lemuel_coloured_pillars_altar,
          shapermc_ecumenical_altar_acropolis, saegor_snake_ambush
D:4:      layout_basic, nicolae_elyvilon_temple_path,
          gammafunk_temple_overflow_wave, minmay_temple_entry_stoned_glass,
          serial_rivers, chequers_serial_rivers_micro_d,
          chequers_serial_rivers_room_a, chequers_serial_rivers_micro_a,
          chequers_serial_rivers_large_a, chequers_serial_rivers_room_a,
          chequers_serial_rivers_small_3
D:5:      layout_loops_ring, serial_shops, nicolae_stop_n_shop_2,
          portal_sewer_entry_d, gammafunk_ghost_mausoleum,
          nicolae_shop_sticking_my_neck_out, uniq_sigmund
D:6:      layout_basic, nicolae_ru_the_path_less_chosen, serial_shops,
          nicolae_take_the_stairs
D:7:      layout_rooms, serial_shops, shop, minmay_misc_feat_secret_circle,
          minmay_fractal_squares_5
D:8:      minmay_klotski, layout_loops_ring, david_defended_altar_orc,
          uniq_joseph, uniq_pikel, uniq_grum
D:9:      layout_grid_maze, serial_shops, shop_fountains,
          chequers_decorated_corner, kennysheep_pointless_box,
          onia_ninara_cookie, uniq_maurice

Skill      XL: |  1  2  3  4  5  6  7  8  9 10 |
---------------+-------------------------------+-----
Axes           | 4 5 |  5.2
Armour         | 1 3 4 5 6 7 8 |  8.1
Fighting       | 3 4 5 6 |  6.3
Maces & Flails | 1 2 4 6 8 10 | 10.7
Shields        | 1 2 3 4 7 8 |  8.1
Stealth        | 1 |  1.3
Dodging        | 4 5 |  5.6
Throwing       | |  2.1

Action                   |  1- 3 |  4- 6 |  7- 9 | 10-12 || total
-------------------------+-------+-------+-------+-------++-------
Melee: War axe           |   143 |       |       |       ||   143
       Headbutt          |    36 |    11 |    47 |    11 ||   105
       Mace              |       |    80 |   215 |    30 ||   325
  Use: Scroll            |     1 |     4 |     9 |     1 ||    15
Armor: Leather armour    |    25 |       |       |       ||    25
       Chain mail        |     4 |    41 |    69 |       ||   114
       Ring mail         |       |       |     5 |    10 ||    15
Dodge: Dodged            |    44 |    39 |    82 |    32 ||   197
Block: Kite shield       |    12 |    32 |   102 |    29 ||   175

Table legend: (Time is in decaauts)
 A = Elapsed time spent in this place.
 B = Non-inter-level travel time spent in this place.
 C = Inter-level travel time spent in this place.
 D = Time resting spent in this place.
 E = Time spent auto-exploring this place.
 F = Levels seen in this place.
 G = Mean time per level.
                   A        B        C        D        E       F      G
               +--------+--------+--------+--------+--------+-----+--------+
         Total |  10513 |  10513 |      0 |   2407 |      0 |  10 | 1051.3 |
       Dungeon |  10349 |  10349 |      0 |   2403 |      0 |   9 | 1149.9 |
         Sewer |    163 |    163 |      0 |      4 |      0 |   1 |  163.0 |
               +--------+--------+--------+--------+--------+-----+--------+

Top non-repeatable levels by time:
     D:2: 1579 daAuts
     D:3: 1467 daAuts
     D:4: 1465 daAuts
     D:5: 1321 daAuts
     D:1: 1269 daAuts
     D:8: 1093 daAuts
     D:6: 1006 daAuts
     D:7: 685 daAuts
     D:9: 460 daAuts
   Sewer: 163 daAuts
